[Event "*** Titled Tuesday 3|2 Blitz"]
[Site "Chess.com"]
[Date "2016.08.02"]
[Round "7"]
[White "dretch"]
[Black "Alexander_Moskalenko"]
[Result "0-1"]
[WhiteElo "2604"]
[BlackElo "2637"]
[TimeControl "180+2"]
[EndTime "12:36:25 PDT"]
[Termination "Alexander_Moskalenko won by resignation"]

1. d4 d5 2. c4 c6 3. Nf3 Nf6 4. Nc3 dxc4 5. a4 c5 6. d5 Bf5 7.
Bf4 h6 8. e4 Bxe4 9. Bxc4 Nbd7 10. Nb5 Rc8 11. O-O Nb6 12. Ba2 a6 13. Nc3 Bxd5 14.
Nxd5 Nbxd5 15. a5 e6 16. Ne5 Be7 17. Qa4+ Kf8 18. Rfd1 g6 19. Qa3 Kg7 20. Qf3 Rf8 21. Bb1 Bd6 22. Bg3 Qc7 23. Re1 h5 24. Ra4 Nd7 25.
Nxd7 Qxd7 26. Rh4 Bxg3 27. hxg3 c4 28. g4 Qd8 29. Qh3 Qxa5 30. Rf1 Nf4 31. Qf3 Qe5 32. g3 Ne2+ 33. Kg2 Nd4 34. Qd1 hxg4 35. Qxg4 Nf5 36. Rhh1 b5 37. Re1 Qf6 38. Qf4 Rh8 39. Qf3 Rxh1 40. Rxh1 Rh8 41. Re1 Qxb2 42. Bxf5 gxf5 43. Qf4 Qf6 44. Rc1 Qh6 45. Qd4+ Kg6 46. Rd1 Qh3+ 47. Kf3 Qh5+ 48. Ke3 Qg5+ 49. Kf3 Qg4+ 50. Qxg4+ fxg4+ 51. Kxg4 c3 52. Kf4 b4 53. Rc1 a5 54. Ke4 Rd8 55. g4 a4 56. f4 f5+ 57.
Ke5 a3 58. g5 a2 59. Rh1 c2 60. Kxe6 b3 61. Ke7 b2 62. Rh6+ Kg7 63. Kxd8 c1=Q 64. Rd6 Qxf4 65. Rd7+ Kg6 0-1

[Event "*** Titled Tuesday 3|2 Blitz"]
[Site "Chess.com"]
[Date "2016.08.02"]
[Round "7"]
[White "Balandel"]
[Black "NTBT_DHS"]
[Result "1/2-1/2"]
[WhiteElo "2340"]
[BlackElo "2461"]
[TimeControl "180+2"]
[EndTime "12:36:26 PDT"]
[Termination "Game drawn by repetition"]

1. e4 g6 2. d4 Bg7 3. Nc3 d6 4. Be2 a6 5. h4 Nc6 6. Be3 e5 7. d5 Nd4 8. h5 f5 9. f3 g5 10. exf5 Bxf5 11. Bd3 Nh6 12. Nge2 O-O 13. Qd2 Nf7 14.
Nxd4 exd4 15. Bxf5 dxc3 16. bxc3 Qf6 17. Be6 Qxc3 18.
Rb1 Qe5 19. Kf2 b6 20. Bxg5 Kh8 21. Bf4 Qf6 22. Rbe1 Bh6 23. Bxh6 Nxh6 24. Re4 Rae8 25. Rhe1 Re7 26. a4 Rg7 27. Kf1 a5 28. Qd4 Qg5 29.
R1e2 Qxh5 30. Rh4 Qg5 31. c4 Qc1+ 32. Kf2 Qg5 33. Kf1 Rf6 34. Rh2 Qc1+ 35. Kf2 Qg5 36. Bc8 Rf8 37. Kf1 Ng8 38. Be6 Nf6 39. Qh4 Qc1+ 40.
Kf2 Qc3 41. Rh1 h5 42. Kf1 Qc1+ 43. Qe1 Qg5 44. Rf2 Nh7 45. Qe2 Qc1+ 46. Qe1 Qxc4+ 47. Kg1 Qf4 48. Rxh5 Rg5 49. Rh3 Kg7 50. Qc3+ Nf6 51. Re2 Qxa4 52. Kf2 Qb4 53. Qxc7+ Kg6 54. Qc2+ Kg7 55.
Qc7+ Kg6 56. Qc2+ Kg7 57. Qc7+ Kg6 58. Qc2+ Kg7 59. Qc7+ Kg6 60. Qc2+ Kg7 61. Qc7+ 1/2-1/2

[Event "*** Titled Tuesday 3|2 Blitz"]
[Site "Chess.com"]
[Date "2016.08.02"]
[Round "7"]
[White "yian123"]
[Black "wnstop"]
[Result "1/2-1/2"]
[WhiteElo "2355"]
[BlackElo "2447"]
[TimeControl "180+2"]
[EndTime "12:36:26 PDT"]
[Termination "Game drawn by repetition"]

1. e4 e6 2. d4 d5 3. Nd2 a6 4. Bd3 c5 5. dxc5 Bxc5 6. Ngf3 Nc6 7. O-O Nge7 8. e5 Ng6 9. Nb3 Bb6 10. Bxg6 fxg6 11.
Bf4 O-O 12. Bg3 g5 13. h3 h6 14. Nfd4 Bd7 15. c3 a5 16. Qg4 a4 17. Nxc6 bxc6 18.
Nd4 c5 19. Nf3 Rf5 20. h4 a3 21. hxg5 hxg5 22. b3 Ba5 23. b4 Bb6 24. bxc5 Bxc5 25. Nd4 Ra4 26. Rfd1 Qb6 27. Rab1 Qa7 28. Rd2 Rc4 29.
Qh5 Bxd4 30. cxd4 Rxd4 31. Rxd4 Qxd4 32. Rb8+ Rf8 33. Rxf8+ Kxf8 34. Qh8+ Kf7 35. Qh5+ Kf8 36. Qh8+ Kf7 37. Qh5+ Kg8 38. Qxg5 Qb6 39. Qe7 Bb5 40. Qxa3 d4 41. Bf4 d3 42. Be3 Qc6 43. Qb4 Qd5 44.
a4 Bc6 45. f3 Qxe5 46. Qd2 Qd5 47. a5 Bb5 48. Kf2 e5 49. Qc3 e4 50. fxe4 Qxe4 51. Qc8+ Kh7 52. Qh3+ Kg8 53. Qc8+ Kh7 54. Qh3+ Kg8 55. Qc8+ 1/2-1/2

[Event "*** Titled Tuesday 3|2 Blitz"]
[Site "Chess.com"]
[Date "2016.08.02"]
[Round "7"]
[White "jcibarra"]
[Black "pedromartinez91"]
[Result "1-0"]
[WhiteElo "2650"]
[BlackElo "2296"]
[TimeControl "180+2"]
[EndTime "12:36:28 PDT"]
[Termination "jcibarra won by resignation"]

1. e4 c5 2. Nf3 Nc6 3. d4 cxd4 4. Nxd4 d5 5. Bb5 dxe4 6. Nxc6 Qxd1+ 7. Kxd1 a6 8. Ba4 Bd7 9. Nc3 Bxc6 10. Bxc6+ bxc6 11. Nxe4 f5 12. Nd2 g6 13. Nc4 Bg7 14. Bf4 O-O-O+ 15. Ke2 Rd4 16. Nb6+ Kb7 17. Be3 Rb4 18. Nd7 Rxb2 19. Nc5+ Kc8 20. Rab1 Rxc2+ 21. Kd3 Rxa2 22. Rb6 Kc7 23.
Rb7+ Kc8 24. Rhb1 Be5 25. Ra7 Rb2 26. Rxb2 Bxb2 27. Bf4 e5 28. Bg5 Bd4 29. Kc4 h6 30.
Ra8+ Kc7 31. Bf6 Nxf6 32. Rxh8 h5 33. Rf8 Ng4 34. Rf7+ Kc8 35. Rf8+ Kc7 36. Ne6+ Kd6 37. Nxd4 exd4 38. f3 Ne3+ 39. Kxd4 Nxg2 40. Rf6+ Ke7 41.
Rxg6 Nh4 42. Rg3 Kf6 43. f4 Ng6 44. Ke3 Ne7 45. Rg1 Nd5+ 46. Kf3 Nb4 47. Rc1 Ke6 48. Rc4 a5 49. Rc5 a4 50. Ra5 c5 51. Rxc5 a3 52. Ra5 a2 53. Ke2 Kd6 54. Kd2 Kc6 55. Kc3 Nd5+ 56. Kd4 Nxf4 57. Rxa2 Kd6 58. Ra6+ Ke7 59. Ke5 Ne2 60. Ra7+ Kd8 61. Kxf5 h4 62. Kg4 1-0

[Event "*** Titled Tuesday 3|2 Blitz"]
[Site "Chess.com"]
[Date "2016.08.02"]
[Round "7"]
[White "Aragon"]
[Black "lukas_111111"]
[Result "1-0"]
[WhiteElo "2083"]
[BlackElo "2230"]
[TimeControl "180+2"]
[EndTime "12:36:31 PDT"]
[Termination "Aragon won by resignation"]

1. e4 c5 2. Nf3 d6 3. Bb5+ Nd7 4. d4 cxd4 5. Qxd4 a6 6. Bxd7+ Bxd7 7. O-O e5 8. Qd3 b5 9. a4 bxa4 10. c4 h6 11. Nc3 Nf6 12. Nxa4 Be7 13. b3 Bc6 14.
Nc3 Qb6 15. Ra3 Qb7 16. Re1 O-O 17. Nh4 Nxe4 18. Nxe4 Bxh4 19. Nxd6 Qb4 20. Qd2 Qc5 21. g3 Rfd8 22. Qe3 Qxd6 23. gxh4 Qg6+ 24. Qg3 Qe4 25.
f3 Qxf3 26. Qxf3 Bxf3 27. Rxe5 Bc6 28. Be3 Rd7 29. Kf2 f6 30. Rc5 Be4 31. b4 Rb8 32. Ra4 Bc2 33. Ra2 Bb3 34. Rxa6 Rxb4 35. Rc8+ Kh7 36.
c5 Bc4 37. Rd6 Rb2+ 38. Kf3 Re7 39. Rd4 Be2+ 40. Kf4 g5+ 41. hxg5 fxg5+ 42. Kf5 Rbb7 43. Rdd8 Rf7+ 44. Ke4 Rbe7+ 45. Kd4 Bf3 46. Bg1 Re1 47.
Bf2 Re2 48. Bg3 Re4+ 49. Kd3 Kg6 50. c6 Re6 51. c7 Bb7 52. Rb8 Ba6+ 53. Kd4 h5 54.
Kd5 Rff6 55. Be5 Kf5 56. Bxf6 Rxf6 57. Rf8 1-0

[Event "*** Titled Tuesday 3|2 Blitz"]
[Site "Chess.com"]
[Date "2016.08.02"]
[Round "7"]
[White "Caisachess"]
[Black "shivakaka"]
[Result "0-1"]
[WhiteElo "2162"]
[BlackElo "2122"]
[TimeControl "180+2"]
[EndTime "12:36:34 PDT"]
[Termination "shivakaka won by checkmate"]

1. e4 e6 2. d4 d5 3. exd5 exd5 4. c4 Nf6 5. Nf3 Be7 6. Nc3 O-O 7. Bd3 Bb4 8. O-O c6 9. Bg5 h6 10. Bh4 Be7 11.
Re1 Be6 12. cxd5 Nxd5 13. Bg3 Bf6 14. Ne4 Be7 15. Ne5 Nd7 16. Nxd7 Qxd7 17. Nc5 Bxc5 18. dxc5 Rfd8 19. Bd6 b6 20. a3 a5 21. Qe2 Bf5 22.
Bc4 Re8 23. Qf3 bxc5 24. Bxc5 Bg4 25. Qg3 Rxe1+ 26. Rxe1 Bh5 27. h3 Bg6 28. Qe5 Kh7 29. Bd4 f6 30. Qe6 Qb7 31. Qd6 Rc8 32. Bxd5 cxd5 33.
Re7 Qc6 34. Qf4 Qc1+ 35. Qxc1 Rxc1+ 36. Kh2 Kg8 37. Ra7 Rd1 38. Bc5 d4 39. Rxa5 d3 40. Ra8+ Kf7 41. Rd8 Bf5 42. Be3 g5 43. Rd4 Bg6 44.
a4 f5 45. g3 f4 46. gxf4 gxf4 47. Rxf4+ Ke6 48. Rd4 Ke5 49. Rd8 Be4 50. a5 Bd5 51. Re8+ Kd6 52. Rd8+ Ke5 53. Bxh6 d2 54. a6 Rh1+ 55. Kg3 d1=Q 56. Bf4+ Ke4 57. Re8+ Kd4 58. Be3+ Kd3 59. Rd8 Qf3+ 60. Kh4 Rxh3+ 61. Kg5 Rh5+ 62. Kg6 Qf5+ 63. Kg7 Rh7# 0-1

[Event "*** Titled Tuesday 3|2 Blitz"]
[Site "Chess.com"]
[Date "2016.08.02"]
[Round "7"]
[White "awb2001"]
[Black "Haridaskesavan"]
[Result "1-0"]
[WhiteElo "2314"]
[BlackElo "2103"]
[TimeControl "180+2"]
[EndTime "12:36:38 PDT"]
[Termination "awb2001 won by resignation"]

1. e4 e5 2. Nf3 Nc6 3. d4 exd4 4. Nxd4 Nf6 5. Nxc6 bxc6 6. e5 Ne4 7. Qe2 Nc5 8. g3 Be7 9. Bg2 O-O 10. O-O Ba6 11.
c4 Rb8 12. b3 d5 13. exd6 Qxd6 14. Rd1 Qe6 15. Qxe6 fxe6 16. Bxc6 Bf6 17. Be3 Bxa1 18.
Bxc5 Rfd8 19. Re1 Bb7 20. Bxb7 Rxb7 21. Na3 Bd4 22. Bxd4 Rxd4 23. Nb5 Rd2 24. Rxe6 Kf7 25. Ra6 c5 26. Nd6+ Rxd6 27. Rxd6 Rc7 28. Kg2 Ke7 29. Rd5 Ke6 30. Kf3 Rc6 31. Ke4 Ra6 32. Rxc5 Rxa2 33.
Ke3 Kd6 34. Rb5 Kc6 35. h4 a5 36. f3 Ra3 37. Ke4 a4 38. bxa4 Rc3 39. Kd4 Rxf3 40. Rg5 g6 41. a5 Ra3 42. g4 Ra1 43. Rb5 Rg1 44. g5 Rg4+ 45. Kc3 Rxh4 46. a6 Rh3+ 47.
Kb4 Rh1 48. Ra5 Rb1+ 49. Kc3 Rb8 50. a7 Ra8 51. Kd4 Kb7 52. Ke5 Re8+ 53. Kd6 Ka8 54. Kd7 Rh8 55. c5 h6 56. gxh6 Rxh6 57. c6 g5 58. Kc7 Rh8 59. Kb6 Rg8 60. c7 g4 61.
Rc5 Rc8 62. Rd5 g3 63. Rd8 1-0

[Event "*** Titled Tuesday 3|2 Blitz"]
[Site "Chess.com"]
[Date "2016.08.02"]
[Round "7"]
[White "ShimanovAlex"]
[Black "Evgeny_Levin"]
[Result "0-1"]
[WhiteElo "2570"]
[BlackElo "2659"]
[TimeControl "180+2"]
[EndTime "12:36:57 PDT"]
[Termination "Evgeny_Levin won by resignation"]

1. d4 Nf6 2. Nf3 e6 3. Bf4 b6 4.
Nbd2 Bb7 5. e3 Be7 6. Bd3 Nh5 7. Bg3 d6 8. Qe2 Nd7 9. O-O-O g6 10. e4 a6 11. Kb1 b5 12. Nb3 c6 13. c4 bxc4 14.
Bxc4 a5 15. a3 a4 16. Na1 Nxg3 17. hxg3 Qb6 18. Nc2 d5 19. Bd3 Ba6 20. Ka1 Rb8 21.
Rb1 Bxd3 22. Qxd3 Qb3 23. Qe2 Nf6 24. Nd2 Qb5 25. Qf3 dxe4 26. Nxe4 Nxe4 27. Qxe4 Qd5 28.
Qf4 Rb3 29. Rhe1 O-O 30. Re5 Qxg2 31. Ne3 Qh3 32. Qe4 Qh6 33. Qxc6 Bf6 34. Re4 Qg7 35. Qxa4 Rd3 36. Rd1 Rxd1+ 37. Nxd1 Rd8 38. d5 exd5 39. Re2 Qf8 40. Qb5 Ra8 41. Kb1 Qd6 42. Qd3 Kg7 43. Ne3 Rd8 44. Rd2 Qb6 45. Nxd5 Qb7 46. f4 Bxb2 47.
Rxb2 Qxd5 48. Qxd5 Rxd5 49. Rb3 h5 50. a4 f6 51. Ra3 Ra5 52. Kc2 g5 53. Kc3 Kg6 54. Kb4 Ra8 55. a5 Kf5 56. fxg5 fxg5 57. Kb5 h4 58.
g4+ Kxg4 59. Ra4+ Kh5 60. Kc5 h3 61. Kd4 Kh4 62. Ke3+ Kg3 63. Ra1 h2 64. a6 Rxa6 0-1

[Event "*** Titled Tuesday 3|2 Blitz"]
[Site "Chess.com"]
[Date "2016.08.02"]
[Round "7"]
[White "DeviatkinAndrey"]
[Black "GeorgMeier"]
[Result "0-1"]
[WhiteElo "2553"]
[BlackElo "2708"]
[TimeControl "180+2"]
[EndTime "12:37:11 PDT"]
[Termination "GeorgMeier won by resignation"]

1. d4 e6 2. Nf3 Nf6 3. Bg5 c5 4. e3 d5 5. Nbd2 Bd6 6. c3 h6 7.
Bh4 Nbd7 8. Bd3 O-O 9. O-O b6 10. Qe2 Bb7 11. Rac1 Rc8 12. Rfd1 Qc7 13. Bg3 Bxg3 14.
hxg3 Rfd8 15. Ba6 Qb8 16. Bxb7 Qxb7 17. c4 Qa6 18. a3 cxd4 19. Nxd4 Ne5 20. cxd5 Qxe2 21.
Nxe2 Nxd5 22. Rxc8 Rxc8 23. Rc1 Rxc1+ 24. Nxc1 f5 25.
Kf1 Kf7 26. Ke2 Ke7 27. Nd3 Nc6 28. Nc4 Kf6 29. f4 Ke7 30. Nde5 Nxe5 31. Nxe5 Kd6 32. g4 Nf6 33. gxf5 exf5 34. Kd3 Kd5 35. Ng6 Ke6 36.
Kd4 Nd7 37. e4 fxe4 38. Kxe4 Nc5+ 39. Kd4 Kf5 40. Nf8 Kxf4 41. b4 Nd7 42. Ne6+ Kg3 43.
Nxg7 Kxg2 44. Kd5 Kf3 45. Kc6 Ne5+ 46. Kb7 b5 47. Kxa7 Nc4 48. Kb7 Nxa3 49. Kc6 Kg4 50. Kd5 h5 51. Kd4 h4 52. Ke3 Nc2+ 53. Kf2 Nxb4 54.
Ne6 Nd5 55. Nc5 b4 56. Kg2 Nf4+ 57. Kh2 h3 58. Nb3 Kf5 59. Na5 Ke4 60. Nc4 Kd3 61.
Nb2+ Kc2 62. Nc4 b3 63. Kg3 b2 64. Kxf4 h2 65. Ne3+ Kb3 0-1

[Event "*** Titled Tuesday 3|2 Blitz"]
[Site "Chess.com"]
[Date "2016.08.02"]
[Round "7"]
[White "WanderingPuppet"]
[Black "DrHolmes13"]
[Result "0-1"]
[WhiteElo "2267"]
[BlackElo "2407"]
[TimeControl "180+2"]
[EndTime "12:37:18 PDT"]
[Termination "DrHolmes13 won by resignation"]

1. e4 c6 2. Nc3 d5 3. Nf3 a6 4. d4 Bg4 5. Bd3 e6 6. Bf4 Nf6 7. Qd2 Bb4 8. exd5 Bxf3 9. gxf3 cxd5 10. a3 Bd6 11. Rg1 Rg8 12. Bg5 Be7 13. O-O-O Nc6 14. Ne2 Qc7 15. Kb1 O-O-O 16. Rc1 Kb8 17. c4 dxc4 18. Rxc4 Nd5 19. Rgc1 Bxg5 20. Qxg5 Qe7 21. Qd2 Na7 22. Nf4 Qd6 23. Nxd5 exd5 24. Rc5 Qxh2 25.
Qb4 Qd6 26. Qb3 h5 27. Ra5 Ka8 28. Qa4 Qd7 29. Qb3 Rc8 30. Rxd5 Rxc1+ 31. Kxc1 Rc8+ 32. Kb1 Qe6 33. Be4 Nc6 34. Qb6 Qe7 35. Rc5 Qc7 36.
Rxc6 bxc6 37. Qxa6+ Kb8 38. Qa4 Qb6 39. Qc4 Rc7 40.
Ka2 Qb5 41. Qc3 g6 42. b4 f5 43. Bd3 Qd5+ 44. Bc4 Qd6 45. Qd3 Rd7 46. d5 cxd5 47. Bb5 Rc7 48. Qd4 Kb7 49. Bd3 Qc6 50. a4 Rd7 51.
Bb5 Qc2+ 52. Ka3 Qc1+ 53. Ka2 Rd6 54. a5 Qc2+ 55. Ka3 Qc1+ 56. Ka2 Qc7 57. Ka3 h4 58. Qxh4 d4 59. Qf4 d3 60. Qd2 Qc2 61. a6+ Rxa6+ 62.
Bxa6+ Kxa6 63. b5+ Kxb5 64. Qb4+ Kc6 65. Qf8 Qc3+ 66.
Ka4 Qc4+ 67. Ka3 Qc5+ 68. Qxc5+ Kxc5 69. Kb3 Kd4 70. Kb2 Kc4 71. Kc1 Kc3 72. f4 d2+ 73.
Kd1 Kd3 74. f3 Ke3 0-1

[Event "*** Titled Tuesday 3|2 Blitz"]
[Site "Chess.com"]
[Date "2016.08.02"]
[Round "7"]
[White "LaStreetCmaMaison"]
[Black "MinhGTrAn"]
[Result "1/2-1/2"]
[WhiteElo "2521"]
[BlackElo "2612"]
[TimeControl "180+2"]
[EndTime "12:37:56 PDT"]
[Termination "Game drawn - insufficient material"]

1. Nf3 Nf6 2. g3 d5 3. Bg2 c6 4. O-O Bf5 5. c4 e6 6. cxd5 exd5 7. d3 Be7 8. Nc3 O-O 9. Nd4 Bg6 10. e4 Nbd7 11. exd5 Nxd5 12. Nxd5 cxd5 13. Ne2 Bh5 14. h3 Nc5 15. g4 Bg6 16. Nf4 Bf6 17. Nxd5 Bd4 18.
Bf4 Nxd3 19. Bg3 Re8 20. Nc7 Nxf2 21. Rxf2 Bxf2+ 22. Kxf2 Qf6+ 23. Kg1 Rad8 24. Qf1 Qb6+ 25. Kh2 Bd3 26. Qf4 Re2 27. Re1 Qxb2 28. Rxe2 Qxe2 29. Nd5 h6 30. Qd4 Kh7 31. Bc7 Rc8 32. Nf4 Qc2 33. Be5 Bf1 34. Bxg7 Bxg2 35. Nxg2 Qc4 36. Qf6 Rc6 37. Qa1 Qc1 38. Qd4 Qc4 39. Qb2 Qc2 40.
Qa1 Qc1 41. Qd4 Qc4 42. a3 Qxd4 43. Bxd4 b6 44. Ne3 Rc1 45. Kg3 Kg6 46. Nd5 Rb1 47. a4 Rb3+ 48. Kf4 Rxh3 49. Ne7+ Kh7 50. Nd5 Rd3 51.
Ke4 Ra3 52. Nc3 Ra1 53. Kd5 Kg6 54. Kc6 f5 55. gxf5+ Kxf5 56. Kb7 h5 57. Kxa7 h4 58. Kxb6 h3 59. Ne2 Re1 60. Ng3+ Kg4 61. Bf2 Rb1+ 62.
Kc5 h2 63. a5 Rb2 64. Bd4 Kxg3 65. Be5+ Kf3 66. Bxh2 Rxh2 67. a6 Rb2 68. a7 Ra2 69. Kb6 Ke4 70. Kb7 Rb2+ 71. Ka8 Ra2 72. Kb7 Rxa7+ 73. Kxa7 1/2-1/2

[Event "*** Titled Tuesday 3|2 Blitz"]
[Site "Chess.com"]
[Date "2016.08.02"]
[Round "7"]
[White "Yaacovn"]
[Black "fastestmindalive"]
[Result "0-1"]
[WhiteElo "2614"]
[BlackElo "2435"]
[TimeControl "180+2"]
[EndTime "12:38:59 PDT"]
[Termination "fastestmindalive won by resignation"]

1. d4 Nf6 2. Nf3 e6 3. c4 Bb4+ 4. Bd2 Qe7 5. g3 Nc6 6. a3 Bxd2+ 7. Qxd2 e5 8. Bg2 O-O 9. Nc3 d6 10. O-O Na5 11. dxe5 dxe5 12. Nd5 Nxd5 13. Qxa5 Nb6 14. Nxe5 Re8 15. f4 f6 16. Nf3 Nxc4 17. Qd5+ Be6 18. Qxb7 Qc5+ 19. Kh1 Bd5 20. Qa6 Rxe2 21. b4 Qe3 22. Rae1 Re8 23. Rxe2 Qxe2 24. h3 h6 25. Re1 Qxg2+ 26. Kxg2 Rxe1 27. Qc8+ Kh7 28. Qf5+ Kh8 29. Qc8+ Kh7 30. Kf2 Rd1 31. Nh4 Rd2+ 32. Ke1 Be4 33.
Nf5 Rc2 34. Nd4 Rc1+ 35. Ke2 Ra1 36. Qe6 Ra2+ 37. Ke1 Ra1+ 38. Ke2 Ra2+ 39. Kd1 Rd2+ 40. Kc1 Rxd4 41. g4 Nd6 42. f5 Rc4+ 43. Kb2 Rc2+ 44.
Kb3 Re2 45. Qd7 Bc2+ 46. Kc3 Ne4+ 47. Kc4 Bb1 48. Kb3 Re3+ 49. Ka4 Bc2+ 50. Kb5 Bd3+ 51.
Kc6 Bf1 52. Kxc7 Rxa3 53. Kb8 Rb3 54. Qd4 Ng5 55. Kxa7 Bxh3 56. Ka6 Bf1+ 57. Ka7 Rg3 58. Qd7 Rxg4 59. b5 Ra4+ 60. Kb8 Rb4 61. Qe8 Rxb5+ 62.
Ka7 Rxf5 63. Qe1 Rf3 64. Qh4 Rf5 65. Kb6 Rf3 66. Kc7 Bd3 67. Kd8 Bg6 68. Qa4 Rd3+ 69. Kc7 Ne6+ 70. Kb8 Rd8+ 71. Ka7 Bd3 72. Qb3 Rd7+ 73.
Kb8 Bf5 74. Qf3 g6 75. Qc6 Rg7 76. Qd6 Nc7 77. Qxf6 Nb5 78. Qb6 Nc7 79. Qf6 Nd5 80.
Qd6 Ne3 81. Qe5 Nc4 82. Qc5 Nd2 83. Qd5 Ne4 84. Qe5 Ng5 85. Qf6 Ne6 86. Qe5 h5 87. Qe1 Rd7 88. Qe5 Nd4 89. Ka8 Bg4 90. Qg5 Bf3+ 91.
Kb8 Rf7 92. Qe3 Nc6+ 93. Kc8 Bg4+ 0-1

[Event "*** Titled Tuesday 3|2 Blitz"]
[Site "Chess.com"]
[Date "2016.08.02"]
[Round "7"]
[White "TyIerDurden"]
[Black "workhard91"]
[Result "1/2-1/2"]
[WhiteElo "2500"]
[BlackElo "2400"]
[TimeControl "180+2"]
[EndTime "12:40:39 PDT"]
[Termination "Game drawn by 50-move rule"]

1. Nf3 c5 2. g3 Nc6 3. Bg2 g6 4. O-O Bg7 5. d3 e6 6. Nbd2 d5 7. e4 Nge7 8. Re1 O-O 9. c3 b6 10. h4 h6 11. e5 a5 12. d4 cxd4 13. cxd4 Ba6 14. Nf1 Nb4 15. a3 Nd3 16. Re3 Nxc1 17. Rxc1 Rc8 18. Rec3 Rxc3 19. Rxc3 Qb8 20. Qc2 Rc8 21. Ne3 Rxc3 22. bxc3 Qc8 23. Qb3 Qc6 24. Nd2 Bf8 25. c4 dxc4 26. Ndxc4 Bxc4 27. Qxc4 Qxc4 28. Nxc4 Nf5 29. d5 b5 30. Nxa5 exd5 31. Bxd5 Bxa3 32. Kf1 Kg7 33. Nc6 Bb2 34. Ke2 Nd4+ 35. Nxd4 Bxd4 36. f4 h5 37. Kf3 b4 38. Ke4 Bc3 39. Bc4 Be1 40.
Kf3 Kf8 41. f5 gxf5 42. Kf4 Kg7 43. Kxf5 Bxg3 44. Kg5 Bxe5 45. Kxh5 Bc3 46. Kg5 Bd2+ 47. Kf5 Be1 48. Kg5 Bd2+ 49. Kg4 Kg6 50. Bd3+ Kg7 51. Bc4 Be1 52. h5 Bd2 53. Kf5 Bc1 54. Kg4 Bd2 55.
Bd5 Bc1 56. Kf5 Bd2 57. Bc4 Bc1 58. Kg4 Kf6 59. Kf3 Bh6 60. Bd5 Ke7 61. Bc4 f5 62. Bd3 Kf6 63. Bc4 Kg5 64. Bf7 Kf6 65. Bc4 Ke5 66. Ke2 Kd4 67. Be6 f4 68. Kd2 f3+ 69.
Ke1 Be3 70. Kf1 Kc3 71. h6 b3 72. h7 Bd4 73. h8=Q Bxh8 74. Kf2 b2 75. Bf5 Bd4+ 76. Kxf3 b1=Q 77. Bxb1 Bc5 78. Bf5 Ba3 79. Kg4 Bb2 80. Bg6 Ba3 81. Kf5 Bb2 82. Bh5 Ba3 83. Bg4 Bb2 84. Ke4 Ba3 85. Bf3 Bb2 86. Bg4 Ba3 87. Kd5 Bb2 88. Ke6 Ba3 89. Bh5 Bb2 90. Be8 Ba3 91.
Kd5 Bb2 92. Bf7 Ba3 93. Bg6 Bb2 94. Bf5 Ba3 95. Be6 Bb2 96. Bf5 Ba3 97. Ke4 Bb2 98.
Kf3 Ba3 99. Bg4 Bb2 100. Bf5 Ba3 101. Ke2 Bb2 102. Kf3 Ba3 103. Ke4 Bb2 104. Kd5 Ba3 105. Bg6 Bb2 106. Ke6 Ba3 107. Kd5 Bb2 108. Be8 Ba3 109. Bf7 Bb2 110. Be6 Ba3 111. Bf5 Bb2 112. Ke4 Ba3 113. Kf3 Bb2 114. Ke2 Ba3 115. Bg4 Bb2 116. Kf3 Ba3 117. Bf5 Bb2 118. Ke4 Ba3 119. Kd5 Bb2 120. Kc6 Ba3 121. Be6 Bc1 122. Bf7 Bd2 123. Kd5 Bc1 124. Ke4 Bd2 125. Bh5 Bc1 126. Bg4 Ba3 127. Bf5 Bb2 128. Bg6 Ba3 129. Kd5 Bb2 130. Bf7 Bc1 131. Be6 Bb2 132. Bf5 Bc1 133. Ke4 Bb2 134. Kf3 Bc1 135. Ke2 Be3 136. Kf3 Bf4 137. Ke4 Be5 138. Be6 Bf4 139. Bf5 Be3 140. Bh7 Bf4 141. Kd5 Be3 142. Bg6 Bf4 143. Bh5 Be3 144. Bg4 Bf4 145. Bf5 Be3 146. Ke4 Bf4 147. Kf3 Be3 148. Ke2 Bd4 149. Kf3 Bc5 150. Ke4 Ba3 151. Kd5 Bb2 152. Be6 1/2-1/2

[Event "*** Titled Tuesday 3|2 Blitz"]
[Site "Chess.com"]
[Date "2016.08.02"]
[Round "8"]
[White "simonachess"]
[Black "VennyIce"]
[Result "1-0"]
[WhiteElo "2155"]
[BlackElo "1956"]
[TimeControl "180+2"]
[EndTime "12:44:43 PDT"]
[Termination "simonachess won by checkmate"]

1. d4 d5 2. c4 c6 3. Nc3 Nf6 4. Nf3 e6 5. Bg5 Nbd7 6. cxd5 exd5 7. e3 Be7 8. Bd3 O-O 9. Qc2 h6 10. Bf4 Nh5 11. Be5 Nxe5 12. Nxe5 Bd6 13. h3 Nf6 14. f4 b5 15. g4 Bxe5 16. fxe5 Nd7 17. O-O-O Qg5 18.
Qe2 b4 19. h4 Qe7 20. Na4 c5 21. g5 hxg5 22. hxg5 g6 23. Qh2 f5 24. gxf6 Qf7 25.
Qh8# 1-0

[Event "*** Titled Tuesday 3|2 Blitz"]
[Site "Chess.com"]
[Date "2016.08.02"]
[Round "8"]
[White "usbista"]
[Black "Colombiano07"]
[Result "0-1"]
[WhiteElo "2008"]
[BlackElo "2228"]
[TimeControl "180+2"]
[EndTime "12:44:55 PDT"]
[Termination "Colombiano07 won by resignation"]

1. e4 c5 2. Nf3 Nc6 3. Nc3 Nf6 4. Bb5 d6 5. O-O Bd7 6. Re1 e5 7. d3 Be7 8. Bg5 O-O 9. Bxf6 Bxf6 10. Nd5 g6 11. a4 Bg7 12. Nd2 Nd4 13. Bc4 Ne6 14. Rf1 Bc6 15. g3 Kh8 16. c3 f5 17. f4 exf4 18.
Nxf4 Nxf4 19. Rxf4 d5 20. exd5 Bxd5 21. Bxd5 Qxd5 22.
Qf3 Rad8 23. Nb3 Qxb3 0-1

[Event "*** Titled Tuesday 3|2 Blitz"]
[Site "Chess.com"]
[Date "2016.08.02"]
[Round "8"]
[White "ChessWarrior7197"]
[Black "Tesla37"]
[Result "1/2-1/2"]
[WhiteElo "2478"]
[BlackElo "2653"]
[TimeControl "180+2"]
[EndTime "12:45:14 PDT"]
[Termination "Game drawn by repetition"]

1. e4 c5 2. Nf3 e6 3. g3 Nc6 4. Bg2 Nf6 5. d3 d5 6. Nbd2 h6 7. O-O Be7 8. Re1 O-O 9. h4 b6 10. Qe2 Ba6 11. e5 Nd7 12. Nf1 Qc7 13. N1h2 Rac8 14.
Ng4 Rfe8 15. Nxh6+ gxh6 16. Bxh6 Bf8 17. Bxf8 Kxf8 18.
Qe3 Nd4 19. Qh6+ Ke7 20. Qg5+ Kf8 21. Qh6+ Ke7 22. Qg5+ Kf8 23. Qh6+ Ke7 24. Qg5+ Kf8 25. Qh6+ Ke7 26. Qg5+ Kf8 27. Qh6+ 1/2-1/2

[Event "*** Titled Tuesday 3|2 Blitz"]
[Site "Chess.com"]
[Date "2016.08.02"]
[Round "8"]
[White "Krutoy123"]
[Black "Aragon"]
[Result "1-0"]
[WhiteElo "2377"]
[BlackElo "2080"]
[TimeControl "180+2"]
[EndTime "12:45:27 PDT"]
[Termination "Krutoy123 won by resignation"]

1. e4 c5 2. Nf3 a6 3. b3 b6 4. Bb2 Bb7 5. Qe2 e6 6. Nc3 d6 7. d4 cxd4 8. Nxd4 Nd7 9. O-O-O Ngf6 10. f4 Qc7 11. g4 h6 12. Bg2 Be7 13. e5 dxe5 14.
fxe5 Nd5 15. Nxd5 Bxd5 16. Bxd5 exd5 17. e6 Ne5 18. Nf5 Bf6 19. Rxd5 fxe6 20. Rxe5 Bxe5 21.
Bxe5 Qb7 22. Nxg7+ Kf7 23. Rf1+ Kg8 24. Nh5 Rc8 25. Bxh8 Kxh8 26. Qd2 Kh7 27. Rf6 e5 28. Qxh6+ Kg8 29. Rg6+ Kf7 30. Rg7+ 1-0

[Event "*** Titled Tuesday 3|2 Blitz"]
[Site "Chess.com"]
[Date "2016.08.02"]
[Round "8"]
[White "fastestmindalive"]
[Black "LaStreetCmaMaison"]
[Result "0-1"]
[WhiteElo "2427"]
[BlackElo "2527"]
[TimeControl "180+2"]
[EndTime "12:45:50 PDT"]
[Termination "LaStreetCmaMaison won by resignation"]

1. e4 c5 2. Nc3 a6 3. f4 b5 4. Nf3 Bb7 5. d3 e6 6. g3 d5 7. Bg2 b4 8. Ne2 dxe4 9. Nd2 f5 10. dxe4 Nf6 11. O-O fxe4 12. Nc4 Nbd7 13. h3 Be7 14. Be3 O-O 15. g4 Nd5 16. Ng3 N7b6 17. Nxb6 Nxe3 18. Qxd8 Raxd8 19. Bxe4 Bxe4 20. Nxe4 Nxf1 21. Rxf1 Rd4 22. Ng3 Rfxf4 23. Re1 Bh4 24. Kg2 Rd2+ 0-1

[Event "*** Titled Tuesday 3|2 Blitz"]
[Site "Chess.com"]
[Date "2016.08.02"]
[Round "8"]
[White "Bab3s"]
[Black "awb2001"]
[Result "0-1"]
[WhiteElo "2151"]
[BlackElo "2319"]
[TimeControl "180+2"]
[EndTime "12:46:08 PDT"]
[Termination "awb2001 won by resignation"]

1. e4 c5 2. c3 d5 3. exd5 Qxd5 4. d4 Nc6 5. Nf3 Bf5 6. Be3 Nf6 7. c4 Qd7 8. Nc3 e6 9. d5 Nb4 10. Rc1 Bd6 11. a3 Na6 12. Be2 O-O 13. Nh4 exd5 14.
Nxf5 Qxf5 15. cxd5 Nc7 16. O-O Rad8 17. Qa4 Nfxd5 18.
Nxd5 Nxd5 19. Qxa7 Nxe3 20. fxe3 Qe5 21. g3 Qxe3+ 0-1

[Event "*** Titled Tuesday 3|2 Blitz"]
[Site "Chess.com"]
[Date "2016.08.02"]
[Round "8"]
[White "AnastasiaProtopopova"]
[Black "NTBT_DHS"]
[Result "0-1"]
[WhiteElo "2035"]
[BlackElo "2462"]
[TimeControl "180+2"]
[EndTime "12:46:21 PDT"]
[Termination "NTBT_DHS won by resignation"]

1. d4 Nf6 2. c4 g6 3. Nc3 Bg7 4. e4 d6 5. h3 O-O 6. Be3 e5 7. d5 a5 8. g4 Na6 9. Nf3 Nd7 10. Qc2 Ndc5 11. O-O-O Nb4 12. Qd2 b6 13. Be2 Bd7 14. Bh6 Nxa2+ 15. Kb1 Nxc3+ 16. bxc3 Nxe4 17. Qe3 Nxc3+ 18. Qxc3 Bxh6 19. Nd2 f5 20. gxf5 Bxf5+ 21. Bd3 Qh4 22. Nf3 Qxf2 23. Rdf1 Qe3 24. Kc2 e4 0-1

[Event "*** Titled Tuesday 3|2 Blitz"]
[Site "Chess.com"]
[Date "2016.08.02"]
[Round "8"]
[White "Dr-Bassem"]
[Black "igorkovalenko"]
[Result "0-1"]
[WhiteElo "2609"]
[BlackElo "2566"]
[TimeControl "180+2"]
[EndTime "12:46:37 PDT"]
[Termination "igorkovalenko won by resignation"]

1. e4 d5 2. exd5 Qxd5 3. Nc3 Qd6 4. d4 Nf6 5. Nf3 Bg4 6. h3 Bh5 7. g4 Bg6 8. Ne5 Nbd7 9. f4 O-O-O 10. Be3 e6 11. Bg2 Qa6 12. Qf3 Bb4 13. Nxg6 hxg6 14. a3 Bxc3+ 15. bxc3 Nd5 16. Bd2 N7b6 17. Bf1 Qa4 18.
Bd3 Nc4 19. Qe2 Nxd2 20. Qxd2 Qa5 21. Rb1 Qxc3 22. Qxc3 Nxc3 23. Rb3 Nd5 24. f5 exf5 25. gxf5 g5 26. Kf2 Rh4 27. c3 Nf4 28. Bf1 Rd5 29.
Rb5 Rxb5 30. Bxb5 Rxh3 31. Rxh3 Nxh3+ 32. Kg3 Nf4 33. f6 gxf6 34. Kg4 Kd8 35. Kf5 Ke7 36. c4 b6 37. c5 Ne6 0-1